 Dungeon Crawl Stone Soup version 0.24.0-37-gcf1ca852f1 (webtiles) character file.

Game seed: 13603255885669644817, levelgen mode: deterministic

3769 Ereth the Spear-Bearer (level 10, 0/86 HPs)
             Began as a Hill Orc Fighter on Nov 22, 2019.
             Was a Follower of Okawaru.
             Succumbed to a gnoll sergeant's poison
             ... on level 7 of the Dungeon on Nov 25, 2019.
             The game lasted 00:32:43 (10753 turns).

Ereth the Spear-Bearer (Hill Orc Fighter)          Turns: 10753, Time: 00:32:44

Health: 0/86       AC: 25    Str: 24 (27) XL:     10   Next: 16%
Magic:  10/10      EV:  8    Int: 10 (11) God:    Okawaru [*.....]
Gold:   425        SH: 11    Dex: 10 (11) Spells: 9/9 levels left

rFire    . . .     SeeInvis .   a - +1 trident
rCold    + + .     Gourm    +   c - +0 shield
rNeg     . . .     Faith    .   A - +8 chain mail "Ziqan" {rF- rCorr Int+3}
rPois    +         Spirit   .   B - +2 helmet
rElec    +         Reflect  .   (no cloak)
rCorr    +         Harm     .   l - +1 pair of gloves
MR       .....                  j - +0 pair of boots
Stlth    ..........             m - amulet of the gourmand
HPRegen  0.24/turn              K - ring of resist corrosion
MPRegen  0.12/turn              w - ring of protection from cold

@: mighty, lethally poisoned (0 -> -4), resistant, very slightly contaminated,
invisible
A: no striking features
a: Heroism, Renounce Religion


You were on level 7 of the Dungeon.
You worshipped Okawaru.
Okawaru was aware of your devotion.
You were completely stuffed.

You visited 2 branches of the dungeon, and saw 9 of its levels.

You collected 425 gold pieces.

Inventory:

Hand Weapons
 a - a +1 trident (weapon)
 b - a +0 trident
 i - a +0 morningstar of protection
 I - a +0 antimagic halberd
 J - a +1 spear of venom
Missiles
 L - 3 boomerangs (quivered)
Armour
 c - a +0 shield (worn)
 j - a +0 pair of boots (worn)
 l - a +1 pair of gloves (worn)
 A - the +8 chain mail "Ziqan" (worn) {rF- rCorr Int+3}
   (You found it on level 7 of the Dungeon)

   It affects your intelligence (+3).
   It makes you vulnerable to fire.
   It provides partial protection from all sources of acid and corrosion.
 B - a +2 helmet (worn)
 F - a +0 chain mail
Jewellery
 m - an amulet of the gourmand (around neck)
 p - an uncursed amulet of harm {unknown}
 q - an uncursed ring of positive energy
 u - an uncursed ring of magical power
 w - a ring of protection from cold (right hand)
 K - a ring of resist corrosion (left hand)
 M - an uncursed ring of fire
 O - an uncursed ring of protection from magic
Wands
 r - a wand of iceblast (10)
 y - a wand of flame (30)
 E - a wand of digging (5)
 N - a wand of enslavement (10)
Scrolls
 e - 6 scrolls of remove curse
 g - 3 scrolls of teleportation
 n - a scroll of magic mapping
 s - 3 scrolls of immolation
 t - a scroll of vulnerability
 z - a scroll of torment {unknown}
 H - a scroll of identify
Potions
 d - 2 potions of might
 h - 3 potions of agility
 k - 2 potions of flight
 o - 2 potions of brilliance
 D - a potion of magic
 G - a potion of mutation
Comestibles
 f - 12 rations
 v - 11 chunks of flesh


   Skills:
 + Level 7.4 Fighting
 + Level 9.4 Polearms
 + Level 2.0 Throwing
 + Level 7.8 Armour
 + Level 2.5 Dodging
 + Level 0.3 Stealth
 + Level 8.1 Shields


You had 9 spell levels left.
You didn't know any spells.
Your spell library contained the following spells:

 Spells                   Type           Power        Failure   Level  Hunger
 Animate Skeleton         Necr           N/A          99%         1    ##.....
 Magic Dart               Conj           #...         99%         1    ##.....
 Blink                    Tloc           N/A          100%        2    ###....
 Call Imp                 Summ           #.......     100%        2    ###....
 Slow                     Hex            #.......     100%        2    ###....
 Conjure Flame            Conj/Fire      #.......     100%        3    ####...
 Mephitic Cloud           Conj/Pois/Air  #.......     100%        3    ####...
 Vampiric Draining        Necr           #.........   100%        3    ####...
 Animate Dead             Necr           N/A          100%        4    #####..
 Death Channel            Necr           #.........   100%        6    #######
 Deflect Missiles         Chrm/Air       #.........   100%        6    #######


Dungeon Overview and Level Annotations

Branches:
Dungeon (8/15)             Temple (1/1) D:5
   Lair: D:8-11

Altars:
Ashenzari
Cheibriados
Dithmenos
Elyvilon
Fedhas
Gozag
Hepliaklqana
Makhleb
Nemelex Xobeh
Okawaru
Qazlal
Ru
Trog
Uskayaw
Vehumet
Wu Jian
Xom
Yredelemnul
Zin
The Shining One

Shops:
D:8 [

Annotations:
D:1 1 runed translucent door


Message History

You kill the jackal!
Okawaru accepts your kill.
* * * LOW HITPOINT WARNING * * *
You feel sick.
* * * LOW HITPOINT WARNING * * *
You feel sick.
Things that are here:
a jackal corpse x2
Butcher a jackal corpse? [(y)es/(n)o/(a)ll/(q)uit/?]
You butcher the jackal corpse.
You stop butchering the corpse.
* * * LOW HITPOINT WARNING * * *
You feel sick.
v - 11 chunks of flesh (gained 3)
* * * LOW HITPOINT WARNING * * *
You feel sick.
There are no objects that can be picked up here. a jackal skeleton; a jackal corpse
* * * LOW HITPOINT WARNING * * *
You feel sick.
You die...

.#.##.##.## #..## ...#...#..#
##..# ..........# #..##
....._....# #...# .....)....#
##..## ...#...#..# #...#
...##.##.#######...#######
##.......#...............########
###............@รท>..##..........
##...................########..
###....................# ###
#...#................)##
..###.................# .##
#......[[........## ##
###.....[<.....### #####.....####
#######


There were no monsters in sight!

Vanquished Creatures
  Prince Ribbit (D:6)
  A hornet (D:7)
  Menkaure (D:6)
  Edmund (D:6)
  2 water moccasins
  4 ice beasts
  A phantom (D:5)
  4 ogres
  2 centaurs (D:8)
  2 bullfrogs
  2 gnoll sergeants (D:8)
  6 scorpions
  2 howler monkeys
  3 wights (D:7)
  2 crimson imps (D:8)
  A bullfrog zombie (D:8)
  7 hounds
  A centaur skeleton (D:7)
  A bullfrog skeleton (D:6)
  3 gnoll shamans (D:8)
  2 orc priests (D:7)
  4 iguanas
  3 orc wizards
  Natasha (D:3)
  3 worker ants
  A killer bee zombie (D:5)
  Robin (D:4)
  16 gnolls
  9 adders
  An ooze (D:5)
  2 adder skeletons
  An adder zombie (D:5)
  A dart slug (D:2)
  A worm (D:3)
  6 leopard geckos
  29 orcs
  4 bats
  2 giant cockroaches
  16 goblins
  8 hobgoblins
  13 jackals
  3 quokkas
  2 ball pythons (D:3)
  8 frilled lizards
  5 kobolds
  A leopard gecko skeleton (D:7)
  12 rats
202 creatures vanquished.

Notes
Turn   | Place    | Note
-------+----------+-------------------------------------------
     0 | D:1      | Ereth the Hill Orc Fighter began the quest for the Orb.
     0 | D:1      | Reached XP level 1. HP: 19/19 MP: 1/1
     1 | D:1      | Found a runed translucent door.
     5 | D:1      | Noticed a jelly
   101 | D:1      | Reached XP level 2. HP: 15/27 MP: 2/2
   623 | D:1      | Reached XP level 3. HP: 30/33 MP: 3/3
  1239 | D:2      | Found a faded altar of an unknown god.
  1250 | D:2      | Reached skill level 3 in Polearms
  1329 | D:2      | Reached XP level 4. HP: 40/40 MP: 4/4
  2092 | D:3      | Reached skill level 1 in Dodging
  2429 | D:2      | Reached XP level 5. HP: 8/46 MP: 5/5
  2953 | D:4      | Noticed Natasha
  2959 | D:3      | Killed Natasha
  3098 | D:4      | Reached skill level 4 in Polearms
  3233 | D:4      | Identified the Tome of Augmentations and Stolen Souls
  3248 | D:4      | Reached XP level 6. HP: 52/52 MP: 6/6
  3266 | D:4      | Noticed Robin
  3390 | D:4      | Killed Robin
  3908 | D:4      | Reached skill level 5 in Polearms
  3908 | D:4      | Reached XP level 7. HP: 42/60 MP: 7/7
  4230 | D:5      | Entered Level 5 of the Dungeon
  4369 | D:5      | Reached skill level 5 in Armour
  4482 | D:5      | Reached skill level 5 in Shields
  4740 | D:5      | Reached skill level 5 in Fighting
  4910 | D:5      | Reached skill level 6 in Polearms
  4910 | D:5      | Reached XP level 8. HP: 61/68 MP: 8/8
  5272 | D:5      | Found a staircase to the Ecumenical Temple.
  5303 | Temple   | Entered the Ecumenical Temple
  5881 | D:6      | Reached skill level 1 in Throwing
  6029 | D:6      | Noticed Edmund
  6200 | D:6      | Killed Edmund
  6200 | D:6      | Reached skill level 7 in Polearms
  6302 | D:6      | Found a shattered altar of Ashenzari.
  6323 | D:6      | Found a stormy altar of Qazlal.
  6325 | D:6      | Found a basalt altar of Yredelemnul.
  6374 | D:6      | Noticed Prince Ribbit
  6423 | D:6      | Killed Prince Ribbit
  6423 | D:6      | Reached XP level 9. HP: 48/75 MP: 9/9
  7300 | D:7      | Reached skill level 8 in Polearms
  7908 | D:7      | Noticed a hornet
  7914 | D:7      | Paralysed by a hornet for 1 turns
  7929 | D:7      | Killed a hornet
  8353 | D:7      | Noticed Menkaure
  8385 | D:6      | Killed Menkaure
  8866 | D:7      | Found an iron altar of Okawaru.
  8872 | D:7      | Became a worshipper of Warmaster Okawaru
  9385 | D:7      | Got a bloodstained chain mail
  9396 | D:7      | Identified the +8 chain mail "Ziqan" {rF- rCorr Int+3} (You
                  | found it on level 7 of the Dungeon)
 10229 | D:8      | Found Risitrav's Armour Boutique.
 10261 | D:8      | Reached skill level 9 in Polearms
 10299 | D:8      | Reached * piety under Okawaru
 10299 | D:8      | Reached XP level 10. HP: 81/86 MP: 10/10
 10746 | D:7      | HP: 4/86 [poisoned by a gnoll sergeant]
 10750 | D:7      | HP: 1/86 [poisoned by a gnoll sergeant]
 10753 | D:7      | Succumbed to a gnoll sergeant's poison

Levels and vault maps discovered:
D:1:      dpeg_arrival_caged_fury, layout_loops_ring
D:2:      layout_rooms, chequers_ecumenical_altar_simple, nrook_mini_backslash
D:3:      layout_loops_cross, first_ration
D:4:      layout_gridville, uniq_robin, uniq_natasha
D:5:      layout_basic, minmay_temple_entry_trees
D:6:      layout_layer_cave, gammafunk_temple_overflow_forgotten, hex_large,
          uniq_edmund, uniq_prince_ribbit1
D:7:      layout_cave_pods, okawaru_gym_becter, minmay_puff, uniq_menkaure
D:8:      layout_cave_pools, lemuel_doored_altar, serial_shops, kennysheep_mini,
          serial_gnoll_camp, gnoll_camp_mini_hut, gnoll_camp_mini_loothouse,
          gnoll_camp_mini_house, gnoll_camp_huts_basic, gnoll_camp_medium_02
Temple:   lightli_temple_of_artemis

Skill      XL: |  1  2  3  4  5  6  7  8  9 10 |
---------------+-------------------------------+-----
Fighting       | 4 5 6 7 |  7.4
Polearms       | 3 4 5 6 7 9 |  9.4
Dodging        | 1 2 |  2.5
Armour         | 4 5 6 7 |  7.8
Shields        | 4 5 6 7 8 |  8.1
Throwing       | 1 2 |  2.0
Stealth        | |  0.3

Action                   |  1- 3 |  4- 6 |  7- 9 | 10-12 || total
-------------------------+-------+-------+-------+-------++-------
Melee: Trident           |   128 |   269 |   632 |   104 ||  1133
Throw: Boomerang         |       |     9 |    34 |     8 ||    51
  Use: Potion            |       |     2 |     3 |     4 ||     9
       Scroll            |       |     5 |    13 |       ||    18
 Stab: Invisible         |       |       |       |     1 ||     1
  Eat: Chunk             |     2 |    14 |    25 |     2 ||    43
       Ration            |       |     2 |       |       ||     2
Armor: Scale mail        |    46 |   119 |    33 |       ||   198
       Chain mail        |       |       |   316 |    95 ||   411
Dodge: Dodged            |    37 |    94 |   172 |    44 ||   347
Block: Shield            |    72 |   164 |   341 |    81 ||   658
